 Dungeon Crawl Stone Soup version 0.29.1-13-g9f3cf754e1 (webtiles) character file.

Game seed: 12630982531891442750

2058 Chiseanne the Trooper (level 9, 73/73 HPs)
             Began as a Demonspawn Wanderer on Feb 6, 2023.
             Was an Initiate of Gozag.
             Quit the game on level 7 of the Dungeon.
             The game lasted 00:17:37 (8419 turns).

Chiseanne the Trooper (Demonspawn Wanderer)         Turns: 8419, Time: 00:17:37

Health: 73/73      AC: 10    Str: 19    XL:     9   Next: 5%
Magic:  10/10      EV: 15    Int: 15    God:    Gozag
Gold:   686        SH:  0    Dex: 21    Spells: 10/10 levels left

rFire   . . .      SeeInvis .   q - +1 shortbow (flame)
rCold   . . .      Faith    .   (shield currently unavailable)
rNeg    . . .      Spirit   .   h - +3 ring mail
rPois   .          Reflect  .   (helmet restricted)
rElec   .          Harm     .   (no cloak)
rCorr   .          Rampage  .   (no gloves)
Will    .....                   (no boots)
Stlth   +.........              (no amulet)
HPRegen 0.22/turn               c - +6 ring of dexterity
MPRegen 0.24/turn               g - +6 ring of strength

@: gold aura
A: antennae 1, rugged brown scales 1, ignite blood 2, magic regeneration
a: Renounce Religion, Potion Petition, Call Merchant, Bribe Branch


You were on level 7 of the Dungeon.
You worshipped Gozag.
Gozag was pleased with you.
You visited 1 branch of the dungeon, and saw 7 of its levels.

You collected 746 gold pieces.
You paid 60 gold pieces to Gozag.

Inventory:

Hand Weapons
 a - a +3 short sword
 e - a +4 dagger of chaos
 k - a +1 spear of chaos
 m - a +0 war axe
 q - a +1 shortbow of flaming (weapon)
 r - a +4 whip
 u - a +0 morningstar
 w - a +0 sling
Missiles
 b - 19 poisoned darts
 t - a throwing net
Armour
 h - a +3 ring mail (worn)
Magical Staves
 f - a staff of poison
Jewellery
 c - a +6 ring of dexterity (left hand)
 g - a +6 ring of strength (right hand)
Wands
 n - a wand of charming (5)
 p - a wand of digging (3)
Scrolls
 i - 2 scrolls of immolation
 v - 3 scrolls of identify
Potions
 d - a potion of haste
 j - a potion of cancellation
 l - a potion of mutation
 o - a potion of heal wounds
 s - a potion of brilliance
 x - a potion of flight
 z - a potion of berserk rage
 B - 7 potions of curing


   Skills:
 * Level 6.9 Fighting
 - Level 2.6 Short Blades
 - Level 1.0 Throwing
 * Level 6.2 Armour
 * Level 6.1 Dodging
 - Level 1.0 Spellcasting
 - Level 2.6 Earth Magic


You had 10 spell levels left.
You didn't know any spells.
Your spell library contained the following spells:

 Spells                   Type           Power      Damage    Failure   Level
 Sandblast                Erth           16%        2d6       13%         1
 Static Discharge         Conj/Air       0%         3-3/arc   52%         2
 Stone Arrow              Conj/Erth      8%         3d7       56%         3
 Dispel Undead            Necr           0%         3d6       98%         4
 Sticky Flame             Conj/Fire      0%         2d3       98%         4
 Lightning Bolt           Conj/Air       0%         1d11      100%        5
 Maxwell's Capacitive Co  Air            0%         ∞         100%        8


Dungeon Overview and Level Annotations

Branches:
Dungeon (7/15)             Temple (0/1) D:7

Altars:
Dithmenos
Gozag
Hepliaklqana
Xom

Shops:
D:2 *


Innate Abilities, Weirdness & Mutations

You have a pair of small antennae on your head.
You are partially covered in rugged brown scales. (AC +1, +3% HP)
Your demonic aura often causes spilled blood to erupt in flames.
You regenerate magic rapidly.


Message History

The arrow burns Prince Ribbit.
Prince Ribbit is moderately wounded.
Prince Ribbit is engulfed in blazing flames.
Fire: q) +1 shortbow (flame)
Press: ? - help, Q - select action, (/) - cycle Shift-Dir - straight line, f/p - Prince Ribbit
Aim: Prince Ribbit (severely wounded, 48% to hit)
You shoot an arrow. The arrow hits Prince Ribbit.
The arrow burns Prince Ribbit.
Prince Ribbit is severely wounded.
Fire: q) +1 shortbow (flame)
Press: ? - help, Q - select action, (/) - cycle Shift-Dir - straight line, f/p - Prince Ribbit
Aim: Prince Ribbit (severely wounded, 48% to hit)
You shoot an arrow. The arrow barely misses Prince Ribbit.
Prince Ribbit barely misses you. Prince Ribbit closely misses you.
Your +1 shortbow of flaming stops flaming.
a - a +3 short sword (weapon)
You hit Prince Ribbit.
Prince Ribbit is severely wounded.
Prince Ribbit blinks!
Your +1 shortbow of flaming bursts into flame!
q - a +1 shortbow of flaming (weapon)
Fire: q) +1 shortbow (flame)
Press: ? - help, Q - select action, (/) - cycle Shift-Dir - straight line, f/p - Prince Ribbit
Aim: Prince Ribbit (severely wounded, 48% to hit)
You shoot an arrow. The arrow closely misses Prince Ribbit.
Prince Ribbit blinks!
Fire: q) +1 shortbow (flame)
Press: ? - help, Q - select action, (/) - cycle Shift-Dir - straight line, f/p - Prince Ribbit
Aim: Prince Ribbit (severely wounded, 48% to hit)
You shoot an arrow. The arrow hits Prince Ribbit!
The arrow burns Prince Ribbit.
You kill Prince Ribbit!
Prince Ribbit returns to his original shape as he dies.
You have reached level 9!
Your experience leads to an increase in your attributes!
Your base attributes are Str 13, Int 13, Dex 15.
Increase (s)trength, (i)ntelligence, or (d)exterity?
You feel clever. x2; Your demonic ancestry asserts itself...
A pair of antennae grows on your head!
Are you sure you want to abandon this character and quit the game? (Confirm with "yes".)

#...#......#.....# $
##'###.....#.....#
#...##.....#.....#
#...##..##########
#...##..###### #
#........#...#......
#........'...'.......
#........#...#.... ..##
#.☼.$.@..#...# ... ...
.'...##..###.## ### #.
..#...##..###.######..##.
..####'##.............#.#.
.. #.................
#.............#.##
#...............#.
###.###.... ##.'. #####.##
.... #..#.


There were no monsters in sight!

Vanquished Creatures
  A troll (D:7)
  Prince Ribbit (D:7)
  A steam dragon (D:7)
  Menkaure (D:7)
  2 water moccasins (D:6)
  A black bear (D:7)
  An ogre (D:6)
  A phantom (D:4)
  A centaur (D:6)
  A bullfrog (D:6)
  A scorpion (D:5)
  A necrophage (D:6)
  3 howler monkeys (D:7)
  A jelly (D:6)
  A gnoll bouda (D:5)
  2 orc priests (D:7)
  5 hounds
  An orc wizard (D:6)
  2 iguanas (D:5)
  4 gnolls (D:5)
  6 adders
  2 shadow imps
  A white imp (D:6)
  2 ufetubi
  A worm (D:2)
  2 dart slugs
  21 orcs
  6 endoplasms
  4 giant cockroaches
  8 hobgoblins
  4 jackals (D:1)
  3 quokkas
  8 ball pythons
  3 bats
  2 frilled lizards
  2 goblins (D:2)
  7 kobolds
  2 rats (D:3)
116 creatures vanquished.

Vanquished Creatures (others)
  2 plants (D:2)
2 creatures vanquished.

Grand Total: 118 creatures vanquished

Notes
Turn   | Place    | Note
-------+----------+-------------------------------------------
     0 | D:1      | Chiseanne the Demonspawn Wanderer began the quest for the
                  | Orb.
     0 | D:1      | Chiseanne set off with the following items: a +2 short
                  | sword, 14 poisoned darts, a +0 dagger, a potion of curing,
                  | a +0 robe; and the following spell memorised: Sandblast;
                  | and the following spells available to memorise: Stone
                  | Arrow.
     0 | D:1      | Reached XP level 1. HP: 15/15 MP: 2/2
   336 | D:1      | Found a faded altar of an unknown god.
   574 | D:1      | Reached skill level 1 in Dodging
   574 | D:1      | Gained mutation: Your demonic aura sometimes causes spilled
                  | blood to erupt in flames. [demonic ancestry]
   574 | D:1      | Reached XP level 2. HP: 21/21 MP: 3/3
  1435 | D:2      | Found Omipua Natwo's Assorted Antiques.
  1609 | D:2      | Gained mutation: You regenerate magic rapidly. [demonic
                  | ancestry]
  1609 | D:2      | Reached XP level 3. HP: 24/27 MP: 4/4
  2998 | D:3      | Gained mutation: You are partially covered in rugged brown
                  | scales. (AC +1, +3% HP) [demonic ancestry]
  2998 | D:3      | Reached XP level 4. HP: 28/35 MP: 5/5
  3366 | D:4      | Found a shadowy altar of Dithmenos.
  3366 | D:4      | Found an opulent altar of Gozag.
  3374 | D:4      | Became a worshipper of Gozag Ym Sagoz the Greedy
  3385 | D:4      | Noticed a phantom
  3407 | D:4      | Killed a phantom
  3408 | D:4      | Reached XP level 5. HP: 27/42 MP: 6/6
  3665 | D:4      | Found a shimmering altar of Xom.
  3920 | D:4      | You fall into a shaft and drop 1 floor!
  3920 | D:5      | Entered Level 5 of the Dungeon
  4204 | D:5      | Reached XP level 6. HP: 38/48 MP: 7/7
  6342 | D:6      | Gained mutation: Your demonic aura often causes spilled
                  | blood to erupt in flames. [demonic ancestry]
  6342 | D:6      | Reached XP level 7. HP: 50/56 MP: 8/8
  6734 | D:6      | Reached skill level 5 in Fighting
  6774 | D:6      | Found a hazy altar of Hepliaklqana.
  7112 | D:6      | Reached XP level 8. HP: 29/64 MP: 9/9
  7743 | D:7      | Reached skill level 5 in Armour
  7743 | D:7      | Reached skill level 5 in Dodging
  7830 | D:7      | Noticed a troll
  7897 | D:7      | Noticed Menkaure
  7901 | D:7      | Killed Menkaure
  7954 | D:7      | Noticed Prince Ribbit
  8276 | D:7      | Killed a troll
  8359 | D:7      | Found a staircase to the Ecumenical Temple.
  8418 | D:7      | Killed Prince Ribbit
  8419 | D:7      | Gained mutation: You have a pair of small antennae on your
                  | head. [demonic ancestry]
  8419 | D:7      | Reached XP level 9. HP: 73/73 MP: 10/10
  8419 | D:7      | Quit the game

Illustrated notes

Levels and vault maps discovered:
D:1:      minmay_arrival_shoal_huts, layout_rooms,
          dreamdust_ecumenical_altar_grove, serial_forest,
          infiniplex_forest_3_way, infiniplex_forest_corner_1,
          infiniplex_forest_zigzag_1, infiniplex_forest_straight_2,
          infiniplex_forest_lined_2, infiniplex_forest_straight_3,
          infiniplex_forest_clump_medium, infiniplex_forest_side_room,
          infiniplex_forest_lined_corner
D:2:      minmay_door_path, layout_rooms, serial_shops,
          nicolae_shop_overgrown_old_shop
D:3:      layout_basic, zin_academy, st_stairs_2
D:4:      layout_rooms, tgw_xom, gammafunk_temple_overflow_claw
D:5:      layout_cave_pods, st_stairs_3, kennysheep_donut
D:6:      layout_gridville, nzn_hepliaklqana_mist_gate
D:7:      layout_gridville, lemuel_crystal_altar, minmay_temple_entry_junction,
          minmay_misc_feat_doors, uniq_prince_ribbit1, uniq_menkaure

Skill      XL: |  1  2  3  4  5  6  7  8 |
---------------+-------------------------+-----
Dodging        | 1 2 3 4 6 |  6.1
Fighting       | 2 3 4 5 6 |  6.9
Armour         | 2 3 4 6 |  6.2
Short Blades   | |  2.6
Throwing       | |  1.0
Spellcasting   | |  1.0
Earth Magic    | |  2.6

Action                   |  1- 3 |  4- 6 |  7- 9 || total
-------------------------+-------+-------+-------++-------
Melee: Short sword       |   137 |   216 |    73 ||   426
       Punch             |     1 |     3 |       ||     4
       Dagger            |       |       |    12 ||    12
 Fire: Sling             |     5 |     8 |     3 ||    16
       Shortbow          |       |       |    27 ||    27
Evoke: Wand              |       |     2 |     1 ||     3
  Use: Scroll            |     6 |    10 |     8 ||    24
       Potion            |       |     4 |       ||     4
 Stab: Distracted        |       |       |     1 ||     1
Armor: Robe              |     4 |       |       ||     4
       Ring mail         |    36 |    62 |    28 ||   126
       Skin              |       |    18 |       ||    18
Dodge: Dodged            |    62 |    97 |    76 ||   235
